 Dungeon Crawl Stone Soup version 0.29-a0-270-g1586fc07ea (webtiles) character file.

Game seed: 16089177136352470319

28829 joshe the Grappler (level 13, -31/133 HPs)
             Began as a Troll Fighter on Mar 7, 2022.
             Was a High Priest of the Shining One.
             Annihilated by an orc knight
             ... wielding a +0 great mace
              (32 damage)
             ... while paralysed by an orc sorcerer
             ... on level 2 of the Orcish Mines on Mar 8, 2022.
             The game lasted 00:53:46 (9682 turns).

joshe the Grappler (Troll Fighter)                  Turns: 9682, Time: 00:53:49

Health: -31/133    AC:  6    Str: 31    XL:     13   Next: 11%
Magic:  16/16      EV:  1    Int:  4    God:    the Shining One [*****.]
Gold:   1708       SH:  0    Dex: 15    Spells: 12/12 levels left

rFire   . . .      SeeInvis .     - Unarmed
rCold   . . .      Faith    .   b - +4 kite shield
rNeg    + + .      Spirit   .   y - +0 troll leather armour {Pargi}
rPois   +          Reflect  +   (helmet restricted)
rElec   .          Harm     .   (no cloak)
rCorr   .          Rampage  .   (gloves unavailable)
Will    .....                   (boots unavailable)
Stlth   +.........              n - amulet of reflection
HPRegen 1.92/turn               g - ring of poison resistance
MPRegen 0.15/turn               q - +6 ring of dexterity

@: paralysed, divinely shielded, glowing
A: large, unfitting armour, claws 3, regeneration 1, shaggy fur 1, tough skin 1
a: Renounce Religion, Divine Shield, Cleansing Flame, Summon Divine Warrior


You were on level 2 of the Orcish Mines.
You worshipped the Shining One.
The Shining One was extremely pleased with you.
You visited 2 branches of the dungeon, and saw 12 of its levels.
You also visited: Sewer and Bailey.

You collected 1992 gold pieces.
You spent 284 gold pieces at shops.

Inventory:

Hand Weapons
 e - a +2 short sword of venom
 R - a +4 mace
Missiles
 r - 3 throwing nets
 B - 8 javelins (quivered)
 H - 6 curare-tipped darts
Armour
 b - a +4 kite shield (worn)
 f - an orb of mayhem
 y - a +0 troll leather armour (worn) {Pargi}
 D - the +2 robe of Sadel {Fly rF+ Dex+3}
   (You found it on level 5 of the Dungeon)

   Dex:       It affects your dexterity (+3).
   rF:        It protects you from fire.
   Fly:       It grants you flight.
Jewellery
 d - an amulet of regeneration
 g - a ring of poison resistance (left claw)
 n - an amulet of reflection (around neck)
 q - a +6 ring of dexterity (right claw)
 v - a ring of see invisible
 z - a ring of protection from cold
Wands
 a - a wand of iceblast (6)
 J - a wand of flame (20)
 O - a wand of acid (4)
Scrolls
 h - 3 scrolls of magic mapping {unknown}
 i - 4 scrolls of immolation {unknown}
 j - a scroll of torment {unknown}
 p - a scroll of fear {unknown}
 x - a scroll of vulnerability {unknown}
 A - a scroll of summoning {unknown}
 C - 3 scrolls of enchant weapon {unknown}
 F - a scroll of brand weapon {unknown}
 G - a scroll of teleportation {unknown}
 K - 3 scrolls of amnesia {unknown}
 L - a scroll of holy word {unknown}
 N - 2 scrolls of fog {unknown}
 P - a scroll of acquirement {unknown}
 Q - a scroll of noise {unknown}
Potions
 c - a potion of might
 k - 5 potions of haste
 l - 2 potions of cancellation
 m - a potion of brilliance
 o - 6 potions of flight
 s - 3 potions of resistance
 t - 5 potions of heal wounds
 u - a potion of lignification
 w - 6 potions of curing
 E - a potion of mutation
 I - a potion of ambrosia {unknown}
 M - a potion of berserk rage


   Skills:
 - Level 10.0 Fighting
 - Level 0.8 Bows
 - Level 4.0 Throwing
 - Level 4.0 Dodging
 - Level 9.0 Shields
 - Level 13.0 Unarmed Combat
 - Level 0.2 Summonings
 - Level 0.1 Transmutations
 + Level 6.3 Invocations
 - Level 4.0 Evocations


You had 12 spell levels left.
You didn't know any spells.
Your spell library contained the following spells:

 Spells                   Type           Power      Damage    Failure   Level
 Ignite Poison            Fire/Tmut/Pois 0%         N/A       98%         3
 Mephitic Cloud           Conj/Pois/Air  0%         N/A       98%         3
 Stone Arrow              Conj/Erth      0%         3d7       98%         3
 Tukima's Dance           Hex            0%         N/A       98%         3
 Anguish                  Hex/Necr       0%         N/A       100%        4
 Animate Armour           Summ/Erth      0%         N/A       100%        4
 Animate Dead             Necr           0%         N/A       100%        4
 Hailstorm                Conj/Ice       0%         3d3       100%        4
 Blade Hands              Tmut           0%         N/A       100%        5
 Borgnjor's Vile Clutch   Necr/Erth      0%         N/A       100%        5
 Freezing Cloud           Conj/Ice/Air   0%         6-21      100%        5
 Death Channel            Necr           0%         N/A       100%        6
 Iron Shot                Conj/Erth      0%         9d1       100%        6
 Enfeeble                 Hex            0%         N/A       100%        7


Dungeon Overview and Level Annotations

Branches:
Dungeon (10/15)            Temple (0/1) D:5            Lair (0/6) D:8
    Orc (2/2) D:10            Elf (0/3) Orc:2         Sewer (visited)
 Bailey (visited)

Altars:
Ashenzari
Elyvilon
Fedhas
Qazlal
Sif Muna
The Shining One
Lugonu

Shops:
D:3 !?   D:5 ?   D:7 !   D:9 :   Orc:2 *

Portals:
Abyss: D:4


Innate Abilities, Weirdness & Mutations

You are too large for most types of armour.
You have claws for hands.
Your natural rate of healing is unusually fast.
You are covered in fur. (AC +1)
You have tough skin. (AC +1)


Message History

The orc high priest is almost dead.
The orc high priest hits you with a +0 dire flail.
You block the orc knight's attack. x2
You claw the orc high priest!
You kill the orc high priest!
The Shining One accepts your kill.
You feel better.
You feel your power returning. You block the orc sorcerer's attack.
You block the orc knight's attack. x2
An orc wizard comes into view. It is wielding a +0 dagger.
You scratch the orc sorcerer but do no damage.
You block the orc sorcerer's attack. You block the orc wizard's attack.
You block the orc knight's attack. The orc knight closely misses you.
You claw the orc sorcerer!
The orc sorcerer is moderately wounded.
You mangle the orc sorcerer!!
The orc sorcerer is severely wounded.
You block the orc sorcerer's attack.
The orc wizard hits you but does no damage.
You block the orc knight's attack.
The orc knight hits you with a +0 battleaxe!!
You hear a shout!
You closely miss the orc sorcerer.
The orc sorcerer is severely wounded.
The orc sorcerer gestures at you while chanting.
You suddenly lose the ability to move!
The orc wizard hits you with a +0 dagger.
The orc knight hits you with a +0 great mace!!
The orc knight hits you with a +0 battleaxe!
The orc sorcerer hits you with a +0 dagger!
The orc wizard hits you with a +0 dagger.
The orc knight hits you with a +0 great mace!
The orc knight hits you with a +0 battleaxe!!!
* * * LOW HITPOINT WARNING * * *
The orc knight no longer looks unusually strong.
The orc sorcerer hits you but does no damage.
The orc wizard casts a spell at you. The magic dart hits you.
* * * LOW HITPOINT WARNING * * *
The orc knight hits you with a +0 great mace!!
You die...

#........#.###..
....
#....).)####....
....
#...)..####.....
.....
#....)####......
÷.÷÷.
##.)..####..[)...
#...÷o #....##
#...<[... #....#
##...## ##.[[[...
#..÷.o##o...#
##......
#..÷.o@..##
##.....
##..)oo.## ###...
###...## ###.
##### #. ## ## #.
##. ###..


You could see 2 orc knights, an orc sorcerer (strong) and 2 orc wizards.

Vanquished Creatures
  An orc warlord (Orc:1)
  Harold (D:9)
  A two-headed ogre (D:10)
  A centaur warrior (D:10)
  4 orc high priests
  5 orc knights
  An orc sorcerer (Orc:2)
  A cyclops (D:9)
  Maurice (D:9)
  Joseph (D:9)
  6 trolls
  A hornet (D:8)
  6 slime creatures (D:9)
  A vampire (D:10)
  Sigmund (D:3)
  16 yaks
  5 wyverns
  2 basilisks (D:8)
  4 steam dragons
  11 wargs
  3 water moccasins (D:8)
  28 orc warriors
  Pargi (Sewer)
  6 sky beasts
  2 ice beasts (D:7)
  7 black bears
  3 ogres
  3 centaurs
  A wolf (D:8)
  4 lemures (D:5)
  A kobold brigand (D:7)
  A bullfrog (D:8)
  2 phantoms (D:5)
  A necrophage (D:6)
  4 scorpions
  3 killer bees (D:9)
  5 howler monkeys
  5 hounds
  A jelly (D:8)
  22 orc priests
  2 gnoll shamans (D:7)
  An iguana (D:7)
  Terence (D:2)
  18 orc wizards
  9 gnolls
  5 adders
  A shadow imp (D:6)
  2 white imps
  An ufetubus (D:3)
  3 worms
  4 dart slugs
  73 orcs
  2 endoplasms
  13 giant cockroaches
  9 goblins
  3 hobgoblins
  6 jackals
  4 quokkas
  8 ball pythons
  6 bats
  11 frilled lizards
  19 kobolds
  6 rats
  A lurking horror (D:4)
381 creatures vanquished.

Vanquished Creatures (others)
  2 orcs
  A fungus (D:8)
  A lurking horror (D:4)
  11 plants
15 creatures vanquished.

Grand Total: 396 creatures vanquished

Notes
Turn   | Place    | Note
-------+----------+-------------------------------------------
     0 | D:1      | joshe the Troll Fighter began the quest for the Orb.
     0 | D:1      | Reached XP level 1. HP: 22/22 MP: 0/0
   240 | D:1      | Reached XP level 2. HP: 21/29 MP: 1/1
   299 | D:1      | Reached skill level 3 in Unarmed Combat
   755 | D:1      | Reached XP level 3. HP: 36/36 MP: 2/2
  1207 | D:1      | Found a faded altar of an unknown god.
  1543 | D:2      | Noticed Terence
  1548 | D:2      | Killed Terence
  1549 | D:2      | Reached skill level 4 in Unarmed Combat
  1644 | D:2      | Reached XP level 4. HP: 43/44 MP: 3/3
  2216 | D:3      | Found Ugusk's Distillery.
  2220 | D:3      | Bought a potion of curing for 36 gold pieces
  2252 | D:3      | Found Ataixzy's Magic Scroll Shop.
  2262 | D:3      | Bought a scroll of identify for 24 gold pieces
  2326 | D:3      | Found a white marble altar of Elyvilon.
  2326 | D:3      | Noticed Sigmund
  2353 | D:3      | Killed Sigmund
  2354 | D:3      | Reached skill level 6 in Unarmed Combat
  2354 | D:3      | Reached XP level 5. HP: 32/50 MP: 4/4
  2654 | D:3      | Reached XP level 6. HP: 29/59 MP: 5/5
  2776 | D:3      | Found a glowing golden altar of the Shining One.
  2783 | D:3      | Became a worshipper of the Shining One
  2859 | D:4      | Found a one-way gate to the infinite horrors of the Abyss.
  2859 | D:4      | Found a corrupted altar of Lugonu.
  3081 | D:4      | Reached skill level 1 in Invocations
  3182 | D:4      | Found a shimmering blue altar of Sif Muna.
  3189 | D:4      | Reached XP level 7. HP: 67/67 MP: 5/7
  3328 | D:5      | Entered Level 5 of the Dungeon
  3444 | D:5      | Noticed a steam dragon
  3454 | D:5      | Killed a steam dragon
  3564 | D:5      | Reached skill level 7 in Unarmed Combat
  3633 | D:5      | Found a glowing drain.
  3651 | Sewer    | Entered a sewer
  3685 | Sewer    | Noticed Pargi
  3685 | Sewer    | Reached * piety under the Shining One
  3688 | Sewer    | Killed Pargi
  3689 | Sewer    | Reached skill level 8 in Unarmed Combat
  3689 | Sewer    | Reached XP level 8. HP: 75/75 MP: 8/8
  3840 | D:5      | Found Ocziupav's Magic Scroll Shoppe.
  4004 | D:5      | Found a staircase to the Ecumenical Temple.
  4151 | D:5      | Got Dosamm's Tome of the Congealing Rocks
  4185 | D:5      | Identified the +2 robe of Sadel {Fly rF+ Dex+3}
  4427 | D:6      | Found the +4 dagger "Morg" {pain, Will+ Int+5}
  4432 | D:6      | Reached skill level 1 in Throwing
  4774 | D:6      | Reached skill level 9 in Unarmed Combat
  4802 | D:6      | Reached ** piety under the Shining One
  4892 | D:7      | Reached XP level 9. HP: 81/81 MP: 11/11
  4949 | D:7      | Found a stormy altar of Qazlal.
  5013 | D:7      | Reached skill level 10 in Unarmed Combat
  5022 | D:7      | Reached skill level 1 in Evocations
  5050 | D:7      | Found a flagged portal.
  5089 | Bailey   | Entered a bailey
  5098 | Bailey   | Noticed an orc knight
  5164 | Bailey   | Killed an orc knight
  5546 | D:7      | Noticed a death knight
  5858 | D:7      | Found Muigap's Distillery.
  5867 | D:7      | Bought a potion of degeneration for 14 gold pieces
  5867 | D:7      | Bought a potion of resistance for 140 gold pieces
  5867 | D:7      | Bought a potion of berserk rage for 70 gold pieces
  6188 | D:8      | Reached skill level 5 in Fighting
  6191 | D:8      | Reached XP level 10. HP: 96/96 MP: 12/12
  6234 | D:8      | Reached skill level 5 in Shields
  6237 | D:8      | Found a staircase to the Lair.
  6430 | D:8      | Reached skill level 10 in Fighting
  6430 | D:8      | Reached XP level 11. HP: 117/117 MP: 13/13
  6907 | D:9      | Noticed Joseph
  6914 | D:9      | Killed Joseph
  6992 | D:9      | Reached *** piety under the Shining One
  7006 | D:9      | Found Nalowkie's Book Boutique.
  7190 | D:9      | Noticed Harold
  7205 | D:9      | Killed Harold
  7206 | D:9      | Reached skill level 5 in Invocations
  7341 | D:9      | Noticed Maurice
  7354 | D:9      | Killed Maurice
  7421 | D:9      | Reached XP level 12. HP: 97/126 MP: 15/15
  7784 | D:10     | Entered Level 10 of the Dungeon
  7798 | D:10     | Found a staircase to the Orcish Mines.
  7844 | D:10     | Noticed a centaur warrior
  7853 | D:10     | Killed a centaur warrior
  7860 | D:10     | Reached skill level 11 in Unarmed Combat
  7866 | D:10     | Found a blossoming altar of Fedhas.
  8149 | D:10     | Noticed a two-headed ogre
  8156 | D:10     | Killed a two-headed ogre
  8177 | D:10     | Found a broken altar of Ashenzari.
  8317 | Orc:1    | Entered Level 1 of the Orcish Mines
  8341 | Orc:1    | Reached **** piety under the Shining One
  8378 | Orc:1    | Noticed an orc high priest
  8393 | Orc:1    | Killed an orc high priest
  8394 | Orc:1    | Reached skill level 12 in Unarmed Combat
  8870 | Orc:1    | Reached skill level 13 in Unarmed Combat
  9044 | Orc:2    | Entered Level 2 of the Orcish Mines
  9044 | Orc:2    | Found a staircase to the Elven Halls.
  9161 | Orc:2    | Noticed an orc warlord
  9177 | Orc:2    | Upgraded the game from 0.29-a0-266-gf56f883ddd to
                  | 0.29-a0-270-g1586fc07ea
  9188 | Orc:1    | Killed an orc warlord
  9220 | Orc:2    | Found Ycoejui's General Store.
  9480 | Orc:2    | Reached ***** piety under the Shining One
  9491 | Orc:2    | Noticed an orc high priest
  9529 | Orc:2    | Killed an orc high priest
  9530 | Orc:2    | Reached XP level 13. HP: 85/133 MP: 16/16
  9680 | Orc:2    | Paralysed by an orc sorcerer for 3 turns
  9681 | Orc:2    | HP: 5/133 [orc knight/+0 battleaxe (40)]
  9682 | Orc:2    | HP: 1/133 [orc wizard/magic dart (6)]
  9682 | Orc:2    | Annihilated by an orc knight

Illustrated notes

Levels and vault maps discovered:
D:1:      dpeg_arrival_three_same_balls, layout_basic,
          shapermc_ecumenical_altar_petra, serial_glass, glass_columns_a,
          glass_columns_a, item_on_display_a, item_on_display_a,
          due_unseen_surprise, minmay_strange_pillars, nrook_mini_vaults
D:2:      layout_basic, st_stairs_1, uniq_terence
D:3:      layout_rooms, nicolae_overflow_crystal_walls, tso_oasis_becter,
          serial_shops, shop, shop, kennysheep_generic_room_12, uniq_sigmund
D:4:      nicolae_cairo_tiling_large, layout_rooms,
          mainiacjoe_overflow_brackets, hangedman_decor_slide_cut,
          amcnicky_altar_lugonu_corruption
D:5:      layout_loops_corners, minmay_temple_entry_wispy, gup_sewer_entry_pipe,
          serial_shops, nicolae_take_the_stairs, uniq_pikel
D:6:      layout_basic
D:7:      layout_loops_ring, grunt_qazlal_clouds, enter_bailey_5, serial_shops,
          shop, lightli_corner_chamber
D:8:      layout_loops_ring, minmay_lair_entry_grove, hangedman_misty_isle
D:9:      layout_irregular_city, serial_shops, nicolae_shop_hallway_stairs,
          uniq_joseph, uniq_harold, uniq_maurice
D:10:     layout_basic, mainiacjoe_overflow_concentric_impassable,
          lemuel_doored_altar, minmay_orc_entry_guard_dogs
Orc:1:    layout_caves
Orc:2:    grunt_orc_tribal_feast, layout_diamond_mine, serial_shops, shop

Skill      XL: |  1  2  3  4  5  6  7  8  9 10 11 12 13 |
---------------+----------------------------------------+-----
Unarmed Combat | 3 4 6 8 9 10 13 | 13.0
Dodging        | 3 4 |  4.0
Shields        | 3 5 7 8 9 |  9.0
Fighting       | 3 5 10 | 10.0
Invocations    | 1 2 4 6 |  6.3
Throwing       | 3 4 |  4.0
Evocations     | 4 |  4.0
Bows           | |  0.8
Summonings     | |  0.2
Transmutations | |  0.1

Action                   |  1- 3 |  4- 6 |  7- 9 | 10-12 | 13-15 || total
-------------------------+-------+-------+-------+-------+-------++-------
Melee: Unarmed           |   105 |   133 |   264 |   548 |    35 ||  1085
Throw: Javelin           |       |       |       |     5 |       ||     5
       Throwing net      |       |       |       |     1 |       ||     1
Invok: Divine Shield     |       |       |       |       |     1 ||     1
Evoke: Wand              |       |       |     1 |       |       ||     1
  Use: Scroll            |       |     3 |     5 |     3 |       ||    11
       Potion            |       |     2 |       |     3 |       ||     5
 Stab: Sleeping          |     1 |       |       |       |       ||     1
Armor: Robe              |    39 |    36 |    13 |       |       ||    88
       Troll leather arm |       |       |    26 |    54 |     3 ||    83
Dodge: Dodged            |    34 |    34 |    67 |   117 |     3 ||   255
Block: Kite shield       |    37 |    51 |   175 |   516 |    42 ||   821
       Reflection        |       |       |    17 |    12 |       ||    29

Table legend: (Time is in decaauts)
 A = Elapsed time spent in this place.
 B = Non-inter-level travel time spent in this place.
 C = Inter-level travel time spent in this place.
 D = Time resting spent in this place.
 E = Time spent auto-exploring this place.
 F = Levels seen in this place.
 G = Mean time per level.
                   A        B        C        D        E       F      G
               +--------+--------+--------+--------+--------+-----+--------+
         Total |   9664 |   9295 |    369 |    385 |   5651 |  14 |  690.3 |
       Dungeon |   7810 |   7452 |    358 |    156 |   5117 |  10 |  781.0 |
  Orcish Mines |   1309 |   1298 |     11 |    120 |    370 |   2 |  654.5 |
         Sewer |    173 |    173 |      0 |      0 |     77 |   1 |  173.0 |
        Bailey |    372 |    372 |      0 |    109 |     86 |   1 |  372.0 |
               +--------+--------+--------+--------+--------+-----+--------+

Top non-repeatable levels by time:
     D:1: 1296 daAuts
     D:5: 965 daAuts
     D:2: 908 daAuts
     D:7: 895 daAuts
     D:9: 880 daAuts
     D:8: 740 daAuts
   Orc:1: 718 daAuts
     D:3: 609 daAuts
   Orc:2: 590 daAuts
    D:10: 528 daAuts
     D:4: 525 daAuts
     D:6: 460 daAuts
  Bailey: 372 daAuts
   Sewer: 173 daAuts
